 Dungeon Crawl Stone Soup version 0.31-a0-1074-g0b22e4e0f1 (webtiles) character file.

Game seed: 7712845235383137037

30 MachoJfn the Chopper (level 3, 27/27 HPs)
             Began as a Demonspawn Gladiator on Nov 27, 2023.
             Was a Follower of Sif Muna.
             Quit the game on level 1 of the Dungeon.
             The game lasted 00:02:16 (374 turns).

MachoJfn the Chopper (Demonspawn Gladiator)          Turns: 374, Time: 00:02:16

Health: 27/27      AC:  8    Str: 16    XL:     3   Next: 5%
Magic:  3/3        EV:  8    Int:  9    God:    Sif Muna [*.....]
Gold:   33         SH:  0    Dex: 14    Spells: 2/2 levels left

rFire   . . .        a - +0 war axe
rCold   . . .        (no shield)
rNeg    . . .        l - +0 chain mail
rPois   .            (helmet restricted)
rElec   .            (no cloak)
rCorr   .            (no gloves)
SInv    .            (no boots)
Will    .....        (no amulet) Stlth
                     (no ring)
HPRegen 0.24/turn    (no ring)
MPRegen 0.08/turn

%: no passive effects
@: no status effects
A: horns 1
a: Renounce Religion, Channel Magic


You were on level 1 of the Dungeon.
You worshipped Sif Muna.
Sif Muna was aware of your devotion.
You visited 1 branch of the dungeon, and saw 1 of its levels.

You collected 33 gold pieces.

Inventory:

Hand Weapons
 a - a +0 war axe (weapon)
Missiles
 d - 3 throwing nets (quivered)
 e - a javelin
 i - 4 atropa-tipped darts
 k - 9 stones
Armour
 l - a +0 chain mail (worn)
Scrolls
 h - a scroll of silence {unknown}
 j - a scroll of blinking {unknown}
Potions
 f - 2 potions of curing {unknown}
 g - 3 potions of enlightenment {unknown}


   Skills:
 + Level 2.2 Fighting
 + Level 3.2 Axes
 - Level 1.9 Throwing
 + Level 0.2 Armour
 + Level 3.1 Dodging


You had 2 spell levels left.
You didn't know any spells.
Your spell library was empty.

Dungeon Overview and Level Annotations

Branches:
Dungeon (1/15)

Altars:
Sif Muna

Shops:
D:1 (


Innate Abilities, Weirdness & Mutations

You have a pair of small horns on your head.


Message History

Found a yellow potion.
Found 13 gold pieces.
g - 3 pink potions (gained 1)
Found a pink potion.
f - 2 yellow potions (gained 1)
Found a hand axe.
Found a chain mail and 15 gold pieces.
A giant cockroach comes into view.
A giant cockroach is nearby!
Found 7 gold pieces.
The giant cockroach barely misses you.
You hit the giant cockroach.
The giant cockroach is heavily wounded.
The giant cockroach bites you but does no damage. x2
You completely miss the giant cockroach.
You headbutt the giant cockroach, but do no damage.
The giant cockroach is heavily wounded.
The giant cockroach barely misses you.
You hit the giant cockroach.
You kill the giant cockroach!
You see here a +0 chain mail.
l - a +0 chain mail You start removing your armour.
You continue taking off your +0 leather armour. x4
You finish taking off your +0 leather armour.
You start putting on your armour.
You continue putting on your +0 chain mail. x5
You finish putting on your +0 chain mail.
You drop a +0 helmet.
You drop a +0 leather armour.
Found a faded altar of an unknown god.
You now have 18 gold pieces (gained 13).
You see here a +0 hand axe.
Found a mace.
There is a faded altar of an unknown god here.
This altar belongs to (a) Trog, (b) Ru or (c) Sif Muna, but you can't tell which.
Press the corresponding letter to learn more about a god, or press enter to convert or escape to cancel.
Sif Muna accepts your prayer! Sif Muna welcomes you!
You can now call upon Sif Muna for magical energy.
You now have 33 gold pieces (gained 15).
Are you sure you want to abandon this character and quit the game? (Confirm with "yes".)

#...##..##.#.#.#.#...##.#
#!..##.....#.....##......
#...###.##.#...........
##### #...........##.## ..
#########...)....#...#....
...$..........)...._...#
.................#...#....
...........[.....##.## ..
########.@.............
#.........######
#...#....## #........#
#........# #.#......#
#.####...# #. #...#


There were no monsters in sight!

Vanquished Creatures
  2 endoplasms (D:1)
  A giant cockroach (D:1)
  A hobgoblin (D:1)
  8 jackals (D:1)
  A quokka (D:1)
  A ball python (D:1)
  2 bats (D:1)
  3 frilled lizards (D:1)
  5 goblins (D:1)
  3 kobolds (D:1)
  A rat (D:1)
28 creatures vanquished.

Notes
Turn   | Place    | Note
-------+----------+-------------------------------------------
     0 | D:1      | MachoJfn the Demonspawn Gladiator began the quest for the
                  | Orb.
     0 | D:1      | Reached XP level 1. HP: 16/16 MP: 1/1
    96 | D:1      | Gained mutation: You have a pair of small horns on your
                  | head. [demonic ancestry]
    96 | D:1      | Reached XP level 2. HP: 17/22 MP: 2/2
   288 | D:1      | Found Utiytes's Weapon Shop.
   301 | D:1      | Reached XP level 3. HP: 19/27 MP: 3/3
   351 | D:1      | Found a faded altar of an unknown god.
   362 | D:1      | Prayed at the altar of an unknown god.
   362 | D:1      | Became a worshipper of Sif Muna the Loreminder
   362 | D:1      | Reached * piety under Sif Muna
   374 | D:1      | Quit the game

Illustrated notes

Levels and vault maps discovered:
D:1:      minmay_arrival_loop, layout_basic, ebering_ecumenical_altar_box,
          serial_shops, shop, minmay_misc_feat_hallway, minmay_small_reverse_x

Skill      XL: |  1  2 |
---------------+-------+-----
Dodging        | 3 |  3.1
Axes           | 3 |  3.2
Fighting       | |  2.2
Throwing       | |  1.9
Armour         | |  0.2

Action                     || total
---------------------------++-------
  Melee: War axe           ||    67
         Headbutt          ||     5
         Punch             ||     1
   Stab: Sleeping          ||     1
 Armour: Leather armour    ||    58
  Dodge: Dodged            ||    69

Table legend: (Time is in decaauts)
 A = Elapsed time spent in this place.
 B = Non-inter-level travel time spent in this place.
 C = Inter-level travel time spent in this place.
 D = Time resting spent in this place.
 E = Time spent auto-exploring this place.
 F = Levels seen in this place.
 G = Mean time per level.
                   A        B        C        D        E       F      G
               +--------+--------+--------+--------+--------+-----+--------+
         Total |    398 |    337 |     61 |     39 |    116 |   1 |  398.0 |
       Dungeon |    398 |    337 |     61 |     39 |    116 |   1 |  398.0 |
               +--------+--------+--------+--------+--------+-----+--------+

Top non-repeatable levels by time:
     D:1: 398 daAuts
